 Dungeon Crawl Stone Soup version 0.26-a0-850-g97a50ab700 (webtiles) character file.

Game seed: 12336005991421237674

17691 marklar909 the Whirler (level 12, -2/87 HPs)
             Began as a Halfling Hunter on Nov 20, 2020.
             Was a High Priest of Okawaru.
             Engulfed by an ice statue's freezing vapour (19 damage)
             ... in an ice cave.
             The game lasted 00:29:49 (16412 turns).

marklar909 the Whirler (Halfling Hunter)           Turns: 16412, Time: 00:29:49

Health: -2/87      AC: 21    Str: 16    XL:     12   Next: 85%
Magic:  14/15      EV: 26    Int:  9    God:    Okawaru [*****.]
Gold:   809        SH: 14    Dex: 23    Spells: 11/11 levels left

rFire    . . .     SeeInvis +   a - +3 hunting sling
rCold    . . .     Faith    .   l - +0 buckler {AC+3}
rNeg     + . .     Spirit   .   P - +5 leather armour of Napauna {rN+}
rPois    .         Reflect  +   u - +2 helmet {SInv}
rElec    .         Harm     .   F - +1 cloak
rCorr    +         Rampage  .   D - +1 pair of gloves
MR       .....                  y - +0 pair of boots
Stlth    ++++......             x - amulet of reflection
HPRegen  0.24/turn              Q - ring of resist corrosion
MPRegen  0.14/turn              G - +6 ring of dexterity

@: heroism
A: small, mutation resistance 1
a: Heroism, Finesse, Renounce Religion


You were in an ice cave.
You worshipped Okawaru.
Okawaru was extremely pleased with you.
You visited 2 branches of the dungeon, and saw 12 of its levels.
You also visited: Sewer and Ice Cave.

You collected 809 gold pieces.

Inventory:

Hand Weapons
 a - a +3 hunting sling (weapon)
 b - a +0 short sword
Missiles
 d - 69 sling bullets (quivered)
 K - 14 curare-tipped darts
Armour
 l - a +0 buckler of protection (worn)
 u - a +2 helmet of see invisible (worn)
 y - a +0 pair of boots (worn)
 D - a +1 pair of gloves (worn)
 F - a +1 cloak (worn)
 P - the +5 leather armour of Napauna (worn) {rN+}
   (You found it on level 6 of the Dungeon)

   It protects you from negative energy.
Jewellery
 o - an uncursed ring of positive energy {unknown}
 p - an uncursed ring of magical power
 x - an amulet of reflection (around neck)
 G - a +6 ring of dexterity (right hand)
 L - an uncursed amulet of the acrobat {unknown}
 Q - a ring of resist corrosion (left hand)
Wands
 B - a wand of disintegration (12)
 I - a wand of acid (15)
 M - a wand of paralysis (19)
 S - a wand of digging (5)
Scrolls
 g - 3 scrolls of remove curse
 j - 5 scrolls of teleportation
 k - a scroll of identify
 s - a scroll of fear
 U - a scroll of immolation
Potions
 c - a potion of resistance {unknown}
 e - 7 potions of flight
 f - 2 potions of ambrosia {unknown}
 i - 7 potions of brilliance
 m - 9 potions of might
 n - 10 potions of curing
 r - a potion of lignification {unknown}
 w - 2 potions of cancellation {unknown}
 z - a potion of attraction {unknown}
 A - 5 potions of heal wounds {unknown}
 C - a potion of magic {unknown}
 E - a potion of berserk rage {unknown}
 N - a potion of mutation {unknown}
 V - a potion of degeneration {unknown}


   Skills:
 + Level 10.3(15.3) Fighting
 + Level 1.0(6.0) Short Blades
 + Level 17.9(23.0) Slings
 + Level 0.3(13.8) Throwing
 + Level 4.1(9.1) Armour
 + Level 6.8(11.8) Dodging
 + Level 3.7(8.7) Stealth
 + Level 6.0(11.0) Shields
 + Level 5.0 Invocations
 + Level 0.8 Evocations


You had 11 spell levels left.
You didn't know any spells.
Your spell library contained the following spells:

 Spells                   Type           Power        Failure   Level
 Slow                     Hex            #.......     56%         2
 Swiftness                Air            #.......     56%         2
 Inner Flame              Hex/Fire       #.......     80%         3
 Airstrike                Air            #.........   99%         4
 Freezing Cloud           Conj/Ice/Air   #.........   100%        6


Dungeon Overview and Level Annotations

Branches:
Dungeon (11/15)            Temple (1/1) D:4            Lair (0/6) D:9
    Orc (0/2) D:10          Sewer (visited)           IceCv (1/1)

Altars:
Ashenzari
Cheibriados
Dithmenos
Elyvilon
Fedhas
Gozag
Hepliaklqana
Kikubaaqudgha
Makhleb
Nemelex Xobeh
Okawaru
Qazlal
Ru
Sif Muna
Trog
Uskayaw
Vehumet
Wu Jian
Xom
Yredelemnul
Zin
The Shining One

Shops:
D:9 }

Annotations:
D:7 exclusion: oklob plant IceCv exclusion: 2 ice statues


Innate Abilities, Weirdness & Mutations

You are small and have problems with some larger weapons.
You are somewhat resistant to further mutation.


Message History

Unknown command.
Firing (i - inventory. (/) - cycle)
d - 71 sling bullets (quivered)
Press: ? - help, Shift-Dir - straight line, f/p - ice statue
Aim: an ice statue (moderately damaged)
You shoot a sling bullet. The sling bullet hits the ice beast!
You kill the ice beast!
You are engulfed in freezing vapours.
You block the ice beast's attack.
Unknown command.
Unknown command.
Firing (i - inventory. (/) - cycle)
d - 70 sling bullets (quivered)
Press: ? - help, Shift-Dir - straight line, f/p - ice statue
Aim: an ice statue (moderately damaged)
You shoot a sling bullet. The sling bullet hits the ice statue.
The ice statue is heavily damaged.
You are engulfed in freezing vapours.
* * * LOW HITPOINT WARNING * * *
You block the ice beast's attack. x2
Unknown command.
You are engulfed in freezing vapours.
You die...

##..# ##....# #......##
........# #### ........8
#### ##..##
........####(.#####....##
.......Y.##(...##.......#
......((....#.......∩.∩.#
.....(○°@..###..........#
.....(Y○°### ##..##....##
.....°Y(## ######..##
#......°8 #### #.......##
##.....## #..... ##..##
##.


You could see 3 ice beasts.

Vanquished Creatures
  Erica (D:8)
  4 two-headed ogres
  An unseen horror (D:10)
  An ugly thing (D:11)
  Maggie (D:10)
  A redback zombie (D:11)
  A centaur skeleton (D:11)
  A komodo dragon (D:10)
  A rime drake (IceCv)
  Prince Ribbit (D:7)
  A troll (D:10)
  A hornet (D:9)
  Sigmund (D:2)
  9 yaks
  4 steam dragons
  A water moccasin (D:9)
  3 orc warriors
  4 sky beasts (D:8)
  An eye of draining (D:10)
  8 ogres
  25 ice beasts
  3 black bears
  A centaur (D:9)
  4 phantoms
  4 wolves (D:8)
  3 big kobolds
  11 bullfrogs
  A gnoll sergeant (D:9)
  2 scorpions
  A wyvern skeleton (D:9)
  24 killer bees
  8 wights
  An electric eel (D:8)
  6 howler monkeys
  A quasit (D:6)
  A wyvern simulacrum (D:8)
  5 orc priests
  3 centaur zombies
  6 hounds
  2 jellies
  12 orc wizards
  A bullfrog skeleton (D:4)
  2 iguanas (D:9)
  13 worker ants
  A centaur simulacrum (D:8)
  Robin (D:2)
  17 gnolls
  14 adders
  2 howler monkey skeletons
  2 shadow imps (D:8)
  8 white imps
  3 ufetubi
  An adder zombie (D:5)
  3 oozes
  3 adder skeletons
  3 worms (D:5)
  5 dart slugs
  4 leopard geckos
  52 orcs
  4 ball pythons
  3 giant cockroaches
  20 goblins
  13 hobgoblins
  7 jackals
  6 quokkas
  15 bats
  5 frilled lizards
  20 kobolds
  2 quokka skeletons
  18 rats
418 creatures vanquished.

Vanquished Creatures (others)
  A kobold (Sewer)
  38 fungi (D:9)
  41 plants
80 creatures vanquished.

Grand Total: 498 creatures vanquished

Notes
Turn   | Place    | Note
-------+----------+-------------------------------------------
     0 | D:1      | marklar909 the Halfling Hunter began the quest for the Orb.
     0 | D:1      | Reached XP level 1. HP: 14/14 MP: 1/1
    84 | D:1      | Reached skill level 6 in Slings
    93 | D:1      | Reached XP level 2. HP: 15/19 MP: 2/2
   330 | D:1      | Reached XP level 3. HP: 24/24 MP: 3/3
   675 | D:2      | Reached skill level 7 in Slings
   776 | D:2      | Reached XP level 4. HP: 23/29 MP: 4/4
   956 | D:2      | Noticed Robin
  1441 | D:2      | Killed Robin
  1764 | D:2      | Noticed Sigmund
  2003 | D:2      | Found an opulent altar of Gozag.
  2145 | D:2      | Killed Sigmund
  2146 | D:2      | Reached skill level 8 in Slings
  2146 | D:2      | Reached skill level 1 in Armour
  2146 | D:2      | Reached XP level 5. HP: 20/36 MP: 5/5
  2146 | D:2      | Reached XP level 6. HP: 24/42 MP: 6/6
  2353 | D:2      | Found a faded altar of an unknown god.
  2529 | D:2      | Found an opulent altar of Gozag.
  2860 | D:3      | Reached skill level 9 in Slings
  3150 | D:3      | Reached XP level 7. HP: 38/46 MP: 7/7
  3234 | D:3      | Found a shadowy altar of Dithmenos.
  3535 | D:3      | Found a sacrificial altar of Ru.
  3948 | D:4      | Reached skill level 10 in Slings
  4022 | D:4      | Found a staircase to the Ecumenical Temple.
  4706 | D:4      | Reached skill level 11 in Slings
  4739 | D:4      | Reached XP level 8. HP: 53/53 MP: 8/8
  5123 | D:4      | Found an ancient bone altar of Kikubaaqudgha.
  5332 | D:5      | Entered Level 5 of the Dungeon
  5467 | D:5      | Found a glowing drain.
  5476 | Sewer    | Entered a sewer
  6082 | D:5      | Reached skill level 12 in Slings
  6449 | D:5      | Reached skill level 1 in Shields
  6590 | D:5      | Found a sparkling altar of Nemelex Xobeh.
  6861 | D:6      | Reached XP level 9. HP: 59/59 MP: 9/9
  7160 | D:6      | Found a stormy altar of Qazlal.
  7168 | D:6      | Reached skill level 13 in Slings
  7185 | D:6      | Reached skill level 5 in Fighting
  7192 | D:6      | Found a glowing golden altar of the Shining One.
  7320 | Temple   | Entered the Ecumenical Temple
  7565 | Temple   | Became a worshipper of Warmaster Okawaru
  7813 | D:6      | Got an encrusted leather armour
  7814 | D:6      | Identified the +5 leather armour of Napauna {rN+} (You
                  | found it on level 6 of the Dungeon)
  8777 | D:7      | Found a white marble altar of Elyvilon.
  8777 | D:7      | Noticed an oklob plant
  8833 | D:7      | Identified the Reference Book on Enthralling Flight
  8852 | D:7      | Reached * piety under Okawaru
  9104 | D:7      | Reached skill level 14 in Slings
  9104 | D:7      | Reached XP level 10. HP: 69/69 MP: 10/10
  9436 | D:7      | Noticed Prince Ribbit
  9473 | D:7      | Killed Prince Ribbit
 10221 | D:8      | Reached skill level 1 in Short Blades
 10231 | D:8      | Reached ** piety under Okawaru
 10327 | D:8      | Noticed a two-headed ogre
 10456 | D:8      | Reached skill level 15 in Slings
 10592 | D:8      | Found a blossoming altar of Fedhas.
 10770 | D:8      | Reached skill level 1 in Invocations
 10800 | D:8      | Killed a two-headed ogre
 10800 | D:8      | Reached *** piety under Okawaru
 11041 | D:8      | Reached XP level 11. HP: 62/77 MP: 12/12
 11156 | D:8      | Noticed a two-headed ogre
 11169 | D:8      | Killed a two-headed ogre
 11169 | D:8      | Reached **** piety under Okawaru
 11178 | D:8      | Reached skill level 5 in Dodging
 11560 | D:8      | Noticed Erica
 11571 | D:8      | Killed Erica
 11571 | D:8      | Received a gift from Okawaru
 11572 | D:8      | Reached skill level 16 in Slings
 12504 | D:9      | Found a staircase to the Lair.
 12634 | D:9      | Noticed a two-headed ogre
 12764 | D:9      | Killed a two-headed ogre
 12764 | D:9      | Received a gift from Okawaru
 12907 | D:9      | Found Nuecko Beiss's Gadget Emporium.
 13186 | D:9      | Reached skill level 5 in Invocations
 13225 | D:9      | Reached ***** piety under Okawaru
 13225 | D:9      | Received a gift from Okawaru
 13687 | D:9      | Found a glowing silver altar of Zin.
 13972 | D:9      | Received a gift from Okawaru
 13973 | D:9      | Reached XP level 12. HP: 64/85 MP: 15/15
 14086 | D:9      | Identified a scroll of acquirement
 14086 | D:9      | Acquired a +0 buckler of protection
 14149 | D:10     | Entered Level 10 of the Dungeon
 14205 | D:10     | Found a white marble altar of Elyvilon.
 14571 | D:10     | Found a staircase to the Orcish Mines.
 14702 | D:10     | Reached skill level 17 in Slings
 14729 | D:10     | Reached skill level 5 in Shields
 14952 | D:10     | Received a gift from Okawaru
 15431 | D:10     | Noticed an unseen horror
 15446 | D:10     | Killed an unseen horror
 15456 | D:10     | Noticed Maggie
 15477 | D:10     | Killed Maggie
 15477 | D:10     | Received a gift from Okawaru
 15909 | D:11     | Noticed a two-headed ogre
 15918 | D:11     | Killed a two-headed ogre
 15918 | D:11     | Received a gift from Okawaru
 16094 | D:11     | Reached skill level 10 in Fighting
 16094 | D:11     | Found a frozen archway.
 16146 | IceCv    | Entered an ice cave
 16162 | IceCv    | Received a gift from Okawaru
 16412 | IceCv    | Engulfed by an ice statue's freezing vapour

Illustrated notes

Levels and vault maps discovered:
D:1:      eino_arrival_cavern_d, layout_rooms, chequers_serial_rivers_marsh
D:2:      layout_rooms, marbit_many_paths, chequers_ecumenical_altar_grove,
          grunt_gozag_statues, uniq_robin, uniq_sigmund
D:3:      layout_loops_cross, nicolae_overflow_hidden_temple,
          nicolae_ru_path_of_blood
D:4:      layout_layer_cave, kennysheep_mini_moat, minmay_temple_entry_overgrown
D:5:      layout_rooms, lightli_sewer_entry_pipes, nemelex_dance_club_becter
D:6:      cheibrodos_steamvent, layout_layer_cave, old_standard_altar,
          lemuel_crystal_altar
D:7:      layout_basic, lemuel_oklob_altar, uniq_prince_ribbit1
D:8:      layout_loops_ring, overflow_temple_1_default, serial_ice,
          serial_ice_l, serial_ice_c, serial_ice_n, serial_ice_o, uniq_erica
D:9:      layout_grid_maze, general_overflow_altar, due_lair_maze_entry_diamond,
          serial_shops, nicolae_shop_crystal
D:10:     kennysheep_ambush_hall, layout_cave_pods, hiddenorc2_lemuel,
          basic_altar, uniq_maggie
D:11:     layout_cave_pools, portal_ice_cave_entry_ice_beasts,
          maelrawn_ghost_gauntlet_escape, serial_shops, shop
Temple:   minmay_temple_curvy_branch
IceCv:    ice_cave_small_dragons

Skill      XL: |  1  2  3  4  5  6  7  8  9 10 11 12 |
---------------+-------------------------------------+-----
Slings         | 6 7 8 9 11 12 14 15 16 17 | 17.9
Fighting       | 2 3 4 6 7 9 10 | 10.3
Armour         | 1 2 3 4 |  4.1
Dodging        | 3 4 6 |  6.8
Shields        | 1 2 3 4 6 |  6.0
Stealth        | 2 3 |  3.7
Short Blades   | 1 |  1.0
Invocations    | 2 5 |  5.0
Throwing       | |  0.3
Evocations     | |  0.8

Action                   |  1- 3 |  4- 6 |  7- 9 | 10-12 || total
-------------------------+-------+-------+-------+-------++-------
Melee: Short sword       |       |       |       |    16 ||    16
 Fire: Hunting sling     |    72 |   198 |   663 |  1317 ||  2250
Throw: Dart              |       |     2 |       |     1 ||     3
Invok: Heroism           |       |       |     1 |     6 ||     7
Evoke: Wand              |       |       |       |     5 ||     5
  Use: Scroll            |       |     2 |     1 |    21 ||    24
Armor: Leather armour    |     3 |    13 |    47 |   144 ||   207
Dodge: Dodged            |    15 |    64 |   129 |   355 ||   563
Block: Other             |       |       |    45 |    77 ||   122
       Reflection        |       |       |     2 |     6 ||     8
       Buckler           |       |       |       |   122 ||   122

Table legend: (Time is in decaauts)
 A = Elapsed time spent in this place.
 B = Non-inter-level travel time spent in this place.
 C = Inter-level travel time spent in this place.
 D = Time resting spent in this place.
 E = Time spent auto-exploring this place.
 F = Levels seen in this place.
 G = Mean time per level.
                   A        B        C        D        E       F      G
               +--------+--------+--------+--------+--------+-----+--------+
         Total |  15681 |  14566 |   1115 |    828 |  11157 |  14 | 1120.1 |
       Dungeon |  14684 |  13613 |   1071 |    828 |  10395 |  11 | 1334.9 |
        Temple |    267 |    224 |     43 |      0 |    223 |   1 |  267.0 |
         Sewer |    504 |    504 |      0 |      0 |    397 |   1 |  504.0 |
      Ice Cave |    224 |    224 |      0 |      0 |    142 |   1 |  224.0 |
               +--------+--------+--------+--------+--------+-----+--------+

Top non-repeatable levels by time:
     D:8: 1840 daAuts
     D:9: 1732 daAuts
     D:4: 1572 daAuts
    D:10: 1513 daAuts
     D:7: 1469 daAuts
     D:2: 1450 daAuts
     D:6: 1415 daAuts
     D:1: 1224 daAuts
     D:5: 1130 daAuts
     D:3: 1035 daAuts
   Sewer: 504 daAuts
    D:11: 299 daAuts
  Temple: 267 daAuts
   IceCv: 224 daAuts
